 Dungeon Crawl Stone Soup version 0.28.0-45-g0d030f2227 (webtiles) character file.

Game seed: 11558894114353593022

6815 MisterFreud the Martial Artist (level 10, 0/92 HPs)
             Began as a Pale Draconian Transmuter on Apr 14, 2022.
             Was a Believer of Ru.
             Killed by the air
             ... invoked by Gastronok
              (27 damage)
             ... on level 8 of the Dungeon.
             The game lasted 00:16:25 (10206 turns).

MisterFreud the Martial Artist (DrTm)              Turns: 10206, Time: 00:16:26

Health: 0/92       AC: 12    Str: 13    XL:     10   Next: 77%
Magic:  13/16      EV: 13    Int: 21    God:    Ru [**....]
Gold:   465        SH:  0    Dex: 14    Spells: 7/17 levels left

rFire   x . .      SeeInvis .     - Unarmed
rCold   + + +      Faith    .   (shield currently unavailable)
rNeg    . . .      Spirit   .   (armour unavailable)
rPois   +          Reflect  .   (helmet currently unavailable)
rElec   .          Harm     .   (cloak currently unavailable)
rCorr   .          Rampage  .   (gloves currently unavailable)
Will    .....                   (boots currently unavailable)
Stlth   +.........              (no amulet)
HPRegen 0.25/turn               p - +6 ring of intelligence
MPRegen 0.15/turn               i - +4 ring of protection

@: short of breath, ice-form
A: freezing attack, amphibious, boosted hp, (breathe steam), AC +7, large,
unfitting armour, frail 1, (cold-blooded), (steam resistance)
a: End Transformation, Renounce Religion


You were on level 8 of the Dungeon.
You worshipped Ru.
Ru was pleased with you.
You were a creature of crystalline ice.
You visited 2 branches of the dungeon, and saw 9 of its levels.
You also visited: Ossuary.

You collected 465 gold pieces.

Inventory:

Missiles
 d - 12 poisoned darts
 m - 2 boomerangs
 n - 2 boomerangs of dispersal
 B - 3 curare-tipped darts
Armour
 z - a +2 cloak (melded)
Jewellery
 i - a +4 ring of protection (right front paw)
 p - a +6 ring of intelligence (left front paw)
Wands
 f - a wand of polymorph (7)
 A - a wand of iceblast (6)
 E - a wand of mindburst (11)
Scrolls
 b - a scroll of torment
 c - 2 scrolls of blinking
 k - a scroll of enchant armour
 l - a scroll of teleportation
 o - a scroll of enchant weapon {unknown}
 u - 3 scrolls of amnesia {unknown}
 v - a scroll of summoning
 w - a scroll of noise {unknown}
 y - a scroll of fear
 C - a scroll of identify
 D - a scroll of magic mapping
Potions
 a - 2 potions of ambrosia
 e - a potion of flight
 g - 7 potions of mutation
 h - 3 potions of curing
 j - a potion of brilliance
 q - a potion of haste
 r - a potion of attraction
 s - a potion of degeneration {unknown}
 t - 2 potions of heal wounds {unknown}
 x - 2 potions of might


   Skills:
 + Level 7.6 Fighting
 + Level 8.1 Dodging
 + Level 8.4 Unarmed Combat
 - Level 4.0 Spellcasting
 - Level 8.0 Transmutations
 - Level 4.0 Ice Magic


You had 7 spell levels left.
You knew the following spells:

 Your Spells              Type           Power      Damage    Failure   Level
a - Beastly Appendage     Tmut           74%        N/A       1%          1
b - Wereblood             Tmut           37%        N/A       1%          2
c - Spider Form           Tmut/Pois      21%        N/A       7%          3
d - Ice Form              Ice/Tmut       29%        N/A       10%         4

Your spell library contained the following spells:

 Spells                   Type           Power      Damage    Failure   Level
 Magic Dart               Conj           16%        1d3       12%         1
 Blink                    Tloc           8%         N/A       19%         2
 Call Imp                 Summ           4%         N/A       19%         2
 Lesser Beckoning         Tloc           4%         N/A       34%         3
 Mephitic Cloud           Conj/Pois/Air  4%         N/A       34%         3
 Tukima's Dance           Hex            4%         N/A       34%         3
 Anguish                  Hex/Necr       2%         N/A       75%         4
 Manifold Assault         Tloc           4%         N/A       97%         5
 Enfeeble                 Hex            2%         N/A       100%        7


Dungeon Overview and Level Annotations

Branches:
Dungeon (8/15)             Temple (1/1) D:6         Ossuary (visited)
   Lair: D:8-11

Altars:
Ashenzari
Cheibriados
Dithmenos
Elyvilon
Fedhas
Gozag
Hepliaklqana
Kikubaaqudgha
Makhleb
Nemelex Xobeh
Okawaru
Ru
Sif Muna
Trog
Uskayaw
Vehumet
Wu Jian
Xom
Yredelemnul
Zin
The Shining One

Shops:
D:5 [

Annotations:
D:3 Natasha
D:8 Gastronok


Innate Abilities, Weirdness & Mutations

You are a creature of crystalline ice.
You have a powerful freezing melee attack.
You are amphibious.
Your maximum health is increased.
Your armour is entirely melded.
You are incapable of wielding weapons or throwing items.
((You can breathe blasts of scalding, opaque steam.))
((Your pale cyan-grey scales are hard. (AC +7)))
You cannot fit into any form of body armour.
You are frail. (-10% HP)
((You are cold-blooded and may be slowed by cold attacks.))
((You are immune to the effects of steam.))


Message History

Unknown command.
Unknown command.
Casting: Ice Form (dangerous; 10% risk of failure)
Confirm with . or Enter, or press ? or * to list all spells.
You turn into a creature of crystalline ice.
Your +2 cloak melds into your body.
Gastronok is engulfed in a cloud of scalding steam.
Gastronok bites you!!
Unknown command.
Unknown command.
You hit Gastronok. You freeze Gastronok.
Gastronok is lightly wounded.
The gnoll shaman is engulfed in a cloud of scalding steam.
You completely miss Gastronok.
Gastronok is lightly wounded.
The gnoll shaman is engulfed in a cloud of scalding steam.
You kill the gnoll shaman!
Gastronok is engulfed in a cloud of scalding steam.
Gastronok closely misses you.
You pummel Gastronok!! You freeze Gastronok.
Gastronok is moderately wounded.
You pummel Gastronok!! You freeze Gastronok.
Gastronok is heavily wounded.
Gastronok is engulfed in a cloud of scalding steam.
Gastronok gurgles.
Gastronok waves his eye-stalks in wide circles.
The air twists around and strikes you!!!
* * * LOW HITPOINT WARNING * * *
2 gnolls come into view.
A gnoll is wielding a +0 spear and quivering poisoned darts.
A gnoll is wielding a +0 whip and quivering poisoned darts.
The gnoll shouts!
You punch Gastronok! You freeze Gastronok.
Gastronok is severely wounded.
You hit Gastronok but do no damage.
Gastronok is severely wounded.
You pummel Gastronok!! You freeze Gastronok.
Gastronok is severely wounded.
Gastronok waves his eye-stalks in wide circles.
The air twists around and strikes you!!
You die...

######.######
#..#..#..
#........>
#.###...#
#.########
#..#..#.. #.#
#.###...###.
#.# #......##
#. #.#
#.###...###.
#.# #..#..#..
#.#####
#.###...#
#...Y.#
#..#..#..
#####w#
##....... g#
.......... .#
.####..... g#
. #.###. .#
#.# #. .# #.
#. .. ##


You could see Gastronok and 2 gnolls.

Vanquished Creatures
  Harold (D:8)
  A two-headed ogre (D:8)
  Psyche (D:8)
  A troll (D:6)
  Grinder (D:4)
  Sigmund (D:2)
  A vampire (D:7)
  A wyvern (D:8)
  A steam dragon (D:7)
  6 yaks (D:8)
  Menkaure (Ossuary)
  Duvessa (D:4)
  2 water moccasins
  4 orc warriors
  3 sky beasts
  A black bear (D:7)
  2 ogres (D:5)
  2 ice beasts
  A necrophage (D:4)
  2 phantoms
  A kobold brigand (D:8)
  3 scorpions
  2 bullfrogs
  Dowan (D:4)
  3 wights (D:8)
  A centaur zombie (D:6)
  A bullfrog zombie (D:5)
  2 hounds
  A gnoll shaman (D:8)
  4 orc priests
  Crazy Yiuf (D:6)
  7 jellies
  A bullfrog skeleton (D:7)
  4 iguanas
  Natasha (twice) (D:3)
  7 orc wizards
  A killer bee zombie (D:7)
  A hound skeleton (D:5)
  3 mummies (Ossuary)
  Robin (D:2)
  6 gnolls
  5 adders
  2 dart slugs
  20 orcs
  2 bats
  12 endoplasms
  A giant cockroach (D:2)
  4 gnoll zombies (Ossuary)
  12 goblins
  13 hobgoblins
  8 jackals
  18 kobolds
  4 quokkas
  6 ball pythons
  4 frilled lizards
  2 gnoll skeletons (Ossuary)
  4 goblin skeletons (Ossuary)
  3 goblin zombies (Ossuary)
  2 hobgoblin skeletons (Ossuary)
  3 hobgoblin zombies (Ossuary)
  6 kobold skeletons (Ossuary)
  2 kobold zombies (Ossuary)
  5 orc skeletons (Ossuary)
  8 orc zombies (Ossuary)
  4 rats
  6 rat skeletons (Ossuary)
  5 rat zombies (Ossuary)
248 creatures vanquished.

Vanquished Creatures (others)
  11 fungi (D:3)
  6 toadstools (D:3)
17 creatures vanquished.

Grand Total: 265 creatures vanquished

Notes
Turn   | Place    | Note
-------+----------+-------------------------------------------
     0 | D:1      | MisterFreud the Draconian Transmuter began the quest for
                  | the Orb.
     0 | D:1      | Reached XP level 1. HP: 16/16 MP: 3/3
   171 | D:1      | Reached XP level 2. HP: 12/23 MP: 3/5
   689 | D:1      | Found a faded altar of an unknown god.
  1027 | D:2      | Reached XP level 3. HP: 28/28 MP: 4/6
  1222 | D:2      | Noticed Robin
  1252 | D:2      | Killed Robin
  1769 | D:2      | Reached XP level 4. HP: 34/35 MP: 5/7
  1906 | D:2      | Noticed Sigmund
  2098 | D:1      | Learned a level 2 spell: Wereblood
  2102 | D:1      | Learned a level 3 spell: Spider Form
  2118 | D:2      | Killed Sigmund
  2119 | D:2      | Reached skill level 5 in Transmutations
  2119 | D:2      | Reached XP level 5. HP: 33/42 MP: 5/8
  2324 | D:3      | Reached XP level 6. HP: 43/51 MP: 3/9
  2530 | D:3      | Noticed Natasha
  2540 | D:3      | Killed Natasha
  2550 | D:3      | Noticed Natasha
  2566 | D:3      | Killed Natasha
  2709 | D:3      | Noticed Natasha
  3568 | D:3      | Reached skill level 5 in Unarmed Combat
  3893 | D:3      | Your scales start taking on a pale cyan-grey colour.
  3893 | D:3      | Reached XP level 7. HP: 28/59 MP: 6/10
  3893 | D:3      | Gained mutation: You are immune to the effects of steam.
                  | [Pale Draconian growth]
  4772 | D:4      | Noticed Grinder
  4792 | D:4      | Killed Grinder
  4804 | D:4      | Reached skill level 5 in Dodging
  4804 | D:4      | Reached XP level 8. HP: 58/66 MP: 7/11
  4966 | D:4      | Noticed Duvessa
  4981 | D:4      | Noticed Dowan
  4983 | D:4      | Killed Duvessa
  4995 | D:4      | Killed Dowan
  5002 | D:4      | Learned a level 4 spell: Ice Form
  5441 | D:5      | Entered Level 5 of the Dungeon
  5542 | D:5      | Found a sand-covered staircase.
  5546 | Ossuary  | Entered an ossuary
  5868 | Ossuary  | Noticed Menkaure
  5877 | Ossuary  | Killed Menkaure
  6069 | D:5      | Reached XP level 9. HP: 71/71 MP: 13/15
  6430 | D:5      | Found Ofaqiz's Antique Armour Shoppe.
  6923 | D:6      | Reached skill level 1 in Ice Magic
  7618 | D:6      | Noticed a troll
  7627 | D:6      | Killed a troll
  7654 | D:6      | Found a staircase to the Ecumenical Temple.
  7731 | Temple   | Entered the Ecumenical Temple
  8005 | Temple   | Became a worshipper of Ru the Awakened
  8246 | D:6      | Found a runed translucent door.
  8247 | D:6      | Noticed Crazy Yiuf
  8315 | D:6      | Killed Crazy Yiuf
  8402 | D:7      | Reached skill level 5 in Fighting
  9188 | D:8      | Noticed a two-headed ogre
  9195 | D:8      | Killed a two-headed ogre
  9196 | D:8      | Reached XP level 10. HP: 77/83 MP: 11/16
  9261 | D:8      | Noticed Harold
  9275 | D:8      | Killed Harold
  9717 | D:8      | Gained mutation: You are frail. (-10% HP) [Ru sacrifice]
  9717 | D:8      | Reached * piety under Ru
  9717 | D:8      | Reached ** piety under Ru
  9744 | D:8      | Noticed Psyche
  9753 | D:8      | Killed Psyche
 10197 | D:8      | Noticed Gastronok
 10206 | D:8      | Killed from afar by Gastronok

Illustrated notes

Levels and vault maps discovered:
D:1:      minmay_arrival_radiant_lines, layout_basic,
          shapermc_ecumenical_altar_pompeii, minivault_23,
          hangedman_feature_mirror, due_unseen_surprise
D:2:      layout_basic, moated_statue, uniq_sigmund, uniq_robin
D:3:      cheibrodos_fertilizer, layout_basic, uniq_natasha
D:4:      layout_rooms, st_stairs_2, uniq_duvessa, uniq_grinder
D:5:      layout_basic, serial_shops, shop_statue, enter_ossuary_5
D:6:      layout_cave_pools, minmay_temple_entry_glassed_door,
          uniq_crazy_yiuf_cottage
D:7:      layout_rooms
D:8:      layout_loops_ring, serial_glass, glass_columns_c, glass_columns_a,
          minmay_strange_pillars, uniq_gastronok, uniq_psyche, uniq_harold
Temple:   roderic_octagonal_lattice_temple

Skill      XL: |  1  2  3  4  5  6  7  8  9 10 |
---------------+-------------------------------+-----
Transmutations | 3 4 5 6 8 |  8.0
Fighting       | 2 3 4 5 7 |  7.6
Unarmed Combat | 4 5 6 7 8 |  8.4
Dodging        | 5 6 7 8 |  8.1
Spellcasting   | 4 |  4.0
Ice Magic      | 4 |  4.0

Action                   |  1- 3 |  4- 6 |  7- 9 | 10-12 || total
-------------------------+-------+-------+-------+-------++-------
Melee: Unarmed           |   118 |   145 |   229 |    66 ||   558
       Kick              |    25 |    15 |     3 |       ||    43
       Tailslap          |    18 |     7 |    23 |     3 ||    51
       Headbutt          |    12 |     5 |     3 |       ||    20
       Punch             |     3 |       |     5 |     1 ||     9
 Cast: Beastly Appendage |    22 |     9 |     8 |       ||    39
       Spider Form       |       |     9 |    18 |       ||    27
       Ice Form          |       |       |     3 |     6 ||     9
Invok: Sacrifice Health  |       |       |       |     1 ||     1
 Abil: End Transformatio |       |     1 |     2 |       ||     3
       Breathe Steam     |       |       |    49 |     9 ||    58
  Use: Scroll            |       |     7 |    12 |       ||    19
       Potion            |       |       |     1 |       ||     1
 Stab: Sleeping          |       |     1 |       |       ||     1
Armor: Skin              |    27 |    33 |    48 |    15 ||   123
Dodge: Dodged            |    68 |    74 |   142 |    26 ||   310
